Map: Année zéro EC

Players

Jungleman - Winner!

  • Race: Terran Terran
  • League: Diamond
  • Spawn Location: 1:00

Sorandom

  • Race: Zerg Zerg
  • League: Diamond
  • Spawn Location: 11:00

VOD

Have the link to the VOD?

Description

Time

  • Played on: April 6, 2019, 5 p.m.
  • Length: 29:31
Show
View Real Time Build Order
Export as new Build Order

Jungleman Terran - Winner!

Build Orders:  

Get SALT Encoding   

  12  0:01  SCV  
  13  0:15  Supply Depot  
  13  0:18  SCV  
  14  0:30  SCV  
  15  0:37  Barracks  
  15  0:42  SCV  
  16  0:55  SCV  
  17  1:07  SCV  
  18  1:19  Command Center  
  18  1:21  SCV  
  18  1:24  Marine  
  20  1:34  Orbital Command  
  20  1:40  Refinery  
  20  1:43  Marine  
  21  1:50  Supply Depot  
  21  2:00  Marine  
  22  2:02  SCV  
  22  2:07  Refinery  
  23  2:18  Marine  
  23  2:19  Bunker  
  24  2:29  SCV  
  25  2:33  Orbital Command  
  25  2:36  Marine  
  26  2:41  SCV  
  27  2:45  Factory  
  27  2:53  SCV  
  27  2:54  Marine  
  27  2:56  Bunker  
  29  3:06  SCV  
  29  3:12  Marine  
  31  3:13  SCV  
  31  3:18  SCV  
  33  3:25  SCV  
  34  3:29  Marine  
  34  3:30  SCV  
  34  3:32  Supply Depot, Factory Tech Lab  
  36  3:37  SCV  
  36  3:38  Starport  
  37  3:47  Marine  
  38  3:58  Siege Tank  
  38  3:59  SCV x2  
  43  4:03  Supply Depot  
  43  4:07  Marine  
  44  4:11  SCV x2  
  46  4:19  Starport Tech Lab  
  46  4:23  SCV x2  
  48  4:24  Marine  
  48  4:25  Fusion Core  
  49  4:34  Refinery x2  
  49  4:40  Supply Depot, Siege Tank  
  49  4:42  Marine  
  49  4:44  SCV  
  49  4:45  SCV  
  55  5:00  SCV  
  55  5:01  SCV  
  57  5:11  Command Center  
  57  5:16  Battlecruiser  
  63  5:23  Engineering Bay  
  63  5:25  SCV x2  
  68  5:28  Siege Tank  
  68  5:37  SCV x2  
  70  5:47  Supply Depot x2  
  70  5:49  Weapon Refit  
  69  5:50  Command Center  
  69  5:55  SCV  
  70  6:08  SCV  
  71  6:20  Battlecruiser  
  76  6:43  Planetary Fortress  
  75  7:10  SCV x2  
  77  7:22  SCV x2  
  73  7:23  SCV  
  74  7:34  Battlecruiser, SCV x2  
  74  7:36  SCV  
  83  7:46  SCV x2  
  83  7:48  SCV  
  87  7:58  SCV x2  
  87  8:00  SCV  
  89  8:10  SCV  
  89  8:12  Missile Turret x2  
  84  8:14  Missile Turret  
  84  8:16  Missile Turret x2  
  84  8:18  Missile Turret x2, Planetary Fortress  
  84  8:23  Missile Turret  
  84  8:24  Missile Turret x4  
  84  8:29  Neosteel Armor  
  84  8:34  Missile Turret  
  84  8:35  Missile Turret  
  84  8:36  SCV, Missile Turret  
  84  8:37  SCV x2  
  87  8:49  SCV x2  
  87  8:52  Armory  
  87  8:54  Armory  
  87  8:55  Starport  
  89  8:57  Starport x2  
  89  9:02  Refinery  
  89  9:06  Refinery  
  89  9:07  Refinery  
  89  9:08  SCV x4  
  92  9:29  Missile Turret  
  92  9:30  Missile Turret x3  
  92  9:31  Battlecruiser, Missile Turret  
  98  9:33  SCV x4  
  102  9:44  Terran Vehicle And Ship Armor Level 1, Terran Ship Weapons Level 1  
  102  9:45  SCV x4  
  105  9:46  Starport Tech Lab  
  105  9:47  Starport Tech Lab x2  
  106  9:57  SCV x3, Refinery  
  106  9:58  SCV  
  110  10:07  Refinery x2  
  110  10:09  Battlecruiser, Hi-Sec Auto Tracking  
  116  10:19  Supply Depot  
  116  10:21  Supply Depot  
  116  10:22  Supply Depot  
  116  10:24  Command Center  
  116  10:38  Missile Turret  
  116  10:40  Battlecruiser  
  122  10:43  Battlecruiser  
  122  10:45  Battlecruiser  
  134  10:58  Missile Turret  
  134  11:00  Supply Depot, Command Center  
  134  11:03  Supply Depot  
  134  11:14  Battlecruiser  
  140  11:24  Starport  
  140  11:25  Starport  
  140  11:34  Missile Turret  
  140  11:42  Terran Vehicle And Ship Armor Level 2  
  140  11:53  Missile Turret  
  140  12:05  Battlecruiser, Starport Tech Lab x2  
  146  12:10  Battlecruiser x2  
  158  12:16  Supply Depot  
  158  12:18  Supply Depot  
  158  12:19  Orbital Command  
  164  12:37  Battlecruiser  
  164  12:38  Battlecruiser  
  164  12:40  Missile Turret  
  164  12:41  Missile Turret  
  164  12:43  Missile Turret x3  
  170  12:47  Missile Turret  
  169  13:00  Refinery  
  169  13:06  Refinery  
  168  13:32  Planetary Fortress  
  174  13:41  Battlecruiser x2  
  174  13:43  Terran Ship Weapons Level 2  
  180  14:03  Terran Vehicle And Ship Armor Level 3  
  180  14:17  Battlecruiser x3  
  195  14:28  SCV x6  
  199  14:39  Missile Turret  
  199  14:40  SCV x2, Missile Turret  
  199  14:42  Missile Turret  
  199  14:43  Missile Turret  
  199  14:49  SCV  
  199  14:52  Missile Turret x2  
  200  14:54  Missile Turret x2  
  200  14:56  Missile Turret  
  200  14:57  Missile Turret  
  200  14:59  Missile Turret  
  200  15:07  Liberator  
  200  15:08  Liberator x5  
  200  15:16  Missile Turret  
  200  15:20  Missile Turret  
  170  15:48  Starport  
  170  15:50  Starport  
  170  15:54  Liberator x3  
  170  16:02  Terran Ship Weapons Level 3  
  170  16:10  Battlecruiser x3  
  197  16:21  Liberator  
  179  16:42  Supply Depot  
  179  16:43  Supply Depot  
  179  16:45  Liberator x3  
  179  16:58  Command Center, Liberator x2  
  179  16:59  Liberator  
  179  17:00  Starport Tech Lab  
  175  17:21  Liberator  
  184  17:28  Liberator  
  184  17:30  Liberator x2  
  184  17:38  Starport Tech Lab  
  184  17:42  Liberator  
  187  17:50  Liberator  
  200  18:32  Missile Turret  
  196  19:12  Battlecruiser  
  194  19:51  SCV x5  
  199  20:00  Planetary Fortress  
  199  20:14  Missile Turret  
  199  20:15  Missile Turret  
  199  20:20  Missile Turret  
  199  20:21  Missile Turret x2, Refinery  
  199  20:26  Refinery  
  187  20:48  Battlecruiser x4  
  175  21:46  Battlecruiser x2  
  181  22:18  Raven x2  
  181  22:22  Raven  
  187  22:38  SCV  
  188  22:45  Battlecruiser  
  193  22:58  SCV  
  194  23:07  Battlecruiser  
  200  23:29  Command Center  
  200  23:40  Command Center  
  199  24:34  SCV  
  182  25:40  Raven x3  
  151  26:14  Battlecruiser x4  
  166  27:16  Liberator  
  166  27:22  Battlecruiser  
  157  29:14  Missile Turret  
  157  29:15  Refinery x2  
  157  29:16  Missile Turret  
  157  29:17  Missile Turret  
  157  29:18  Refinery  
  157  29:19  Refinery  
  157  29:23  Missile Turret x2  
Show
View Real Time Build Order
Export as new Build Order

Sorandom Zerg 

Build Orders: Pool First, Muta Ling Bane, Zergling Baneling 

Get SALT Encoding   

  12  0:02  Drone  
  13  0:13  Overlord  
  13  0:18  Drone  
  14  0:32  Drone x2  
  16  0:38  Drone  
  17  0:47  Spawning Pool  
  16  0:50  Extractor  
  16  0:52  Drone  
  16  1:08  Drone x2  
  18  1:28  Hatchery  
  18  1:29  Drone  
  19  1:32  Drone  
  19  1:43  Queen  
  21  1:59  Drone  
  21  2:00  Roach Warren  
  21  2:02  Drone  
  21  2:06  Overlord  
  22  2:24  Queen  
  22  2:28  Zergling x4  
  26  2:34  Drone  
  27  2:40  Extractor  
  27  2:41  Drone  
  27  2:44  Queen  
  27  2:48  Drone  
  30  2:53  Metabolic Boost  
  30  2:56  Drone  
  31  3:06  Drone  
  31  3:07  Drone x2  
  31  3:08  Drone  
  35  3:14  Drone  
  35  3:17  Overlord  
  36  3:25  Overlord  
  36  3:31  Lair  
  36  3:42  Drone  
  36  3:43  Drone x4  
  41  3:49  Zergling x4  
  41  3:53  Spore Crawler  
  41  3:54  Spine Crawler  
  41  4:01  Spine Crawler  
  40  4:04  Drone x2  
  42  4:11  Drone x2  
  42  4:12  Baneling Nest  
  42  4:13  Drone  
  43  4:17  Zergling x2  
  44  4:29  Zergling x10  
  49  4:35  Overlord  
  49  4:40  Zergling x4  
  51  4:51  Overlord x2  
  51  4:53  Extractor, Queen  
  51  4:55  Baneling x2  
  51  4:56  Baneling x7  
  52  5:01  Zergling x4  
  52  5:02  Zergling x2  
  55  5:10  Zergling x8  
  59  5:15  Drone x2  
  59  5:16  Drone  
  59  5:18  Drone  
  59  5:19  Drone  
  64  5:26  Drone x2  
  66  5:54  Spire  
  66  5:55  Drone  
  66  5:56  Drone x2  
  66  5:57  Extractor, Drone  
  69  5:58  Drone x3  
  69  6:01  Hatchery  
  69  6:03  Overlord  
  70  6:09  Overseer  
  70  6:21  Centrifical Hooks  
  70  6:22  Overlord x2  
  70  6:24  Zergling x12  
  76  6:30  Evolution Chamber  
  76  6:31  Evolution Chamber  
  74  6:50  Spore Crawler  
  74  6:52  Spore Crawler  
  72  6:55  Zergling x8  
  72  6:56  Overlord  
  76  7:20  Drone x5  
  76  7:21  Drone x6  
  87  7:32  Zerg Melee Weapons Level 1, Zerg Ground Armor Level 1  
  87  7:34  Zerg Flyer Weapons Level 1, Mutalisk x3  
  90  7:56  Overlord x2  
  90  7:57  Overlord x3  
  86  8:10  Mutalisk  
  86  8:11  Mutalisk  
  88  8:13  Hatchery  
  87  8:20  Drone  
  87  8:21  Drone x4  
  92  8:39  Drone x2  
  94  8:43  Drone  
  94  8:44  Queen, Drone  
  94  8:45  Spore Crawler  
  97  9:00  Drone x7  
  102  9:04  Hatchery  
  74  9:23  Zergling x10  
  76  9:32  Zergling x8, Extractor  
  76  9:33  Extractor  
  78  9:40  Drone  
  78  9:41  Zergling x4  
  78  9:43  Zerg Flyer Armor Level 1  
  78  9:44  Zerg Melee Weapons Level 2  
  78  9:45  Zergling x2  
  82  9:50  Drone  
  83  9:55  Spine Crawler  
  83  9:56  Zergling x10  
  87  10:05  Drone x2  
  87  10:06  Zergling x2  
  92  10:07  Zergling x4  
  92  10:09  Baneling x8  
  92  10:10  Baneling x6, Mutalisk  
  92  10:11  Mutalisk x3  
  100  10:20  Zergling x6  
  103  10:32  Queen  
  105  10:40  Zerg Missile Weapons Level 1  
  105  10:41  Queen x2  
  105  10:42  Queen  
  111  10:46  Extractor, Spore Crawler  
  111  10:49  Extractor  
  108  10:50  Mutalisk x5  
  108  10:52  Drone x2  
  108  10:53  Drone  
  108  10:56  Drone  
  122  11:05  Drone  
  122  11:06  Drone x8  
  131  11:14  Mutalisk x3  
  131  11:16  Drone x2  
  139  11:36  Drone x3  
  139  11:38  Drone x2  
  144  11:50  Overlord x12  
  144  12:03  Spore Crawler  
  144  12:06  Zerg Flyer Weapons Level 2  
  144  12:08  Mutalisk x6  
  143  12:13  Spore Crawler  
  154  12:37  Corruptor x3  
  154  12:38  Corruptor x4  
  154  12:40  Spore Crawler  
  154  12:41  Baneling x2  
  167  12:45  Hatchery  
  167  12:49  Mutalisk x5  
  174  12:59  Corruptor x3  
  178  13:11  Corruptor  
  178  13:12  Corruptor x3  
  182  13:27  Corruptor x5  
  180  13:33  Infestation Pit  
  179  14:02  Corruptor  
  174  14:03  Corruptor x6  
  188  14:10  Drone  
  188  14:11  Drone x7  
  186  14:25  Mutalisk  
  186  14:26  Mutalisk x3  
  188  14:36  Drone  
  188  14:37  Drone x6  
  195  14:38  Spore Crawler  
  195  14:42  Spore Crawler  
  193  14:46  Drone x2  
  195  15:14  Zergling x2  
  195  15:15  Zergling x6  
  179  15:22  Corruptor x10  
  179  15:23  Corruptor  
  179  15:24  Zergling x2  
  179  15:25  Zergling x14  
  191  15:35  Hive  
  191  15:39  Zergling x12  
  197  16:04  Baneling, Hatchery  
  196  16:05  Baneling x17  
  196  16:11  Zergling x2  
  196  16:12  Zergling x4  
  199  16:19  Zerg Ground Armor Level 2  
  170  16:34  Zergling x2  
  170  16:35  Zergling x32  
  182  16:43  Zergling x2  
  182  16:44  Zergling x6  
  186  16:49  Greater Spire  
  186  16:51  Zergling x18  
  194  17:05  Baneling x10  
  194  17:15  Spore Crawler  
  194  17:21  Overseer  
  193  17:29  Zerg Melee Weapons Level 3  
  193  17:35  Extractor  
  192  17:38  Extractor  
  191  17:59  Infestor x4  
  199  18:26  Spore Crawler  
  194  18:27  Baneling, Spore Crawler  
  194  18:28  Baneling x22  
  194  18:31  Spore Crawler  
  189  18:35  Corruptor x2, Spore Crawler  
  192  19:09  Corruptor x2  
  192  19:10  Corruptor  
  198  19:29  Corruptor  
  176  19:50  Infestor x6  
  176  19:51  Infestor x4  
  192  20:05  Spore Crawler  
  191  20:09  Zerg Flyer Armor Level 2  
  191  20:11  Zerg Ground Armor Level 3, Spore Crawler  
  190  20:15  Spore Crawler  
  190  20:20  Corruptor x5  
  199  20:22  Spore Crawler  
  164  20:43  Corruptor x5  
  142  20:55  Zergling x26  
  114  21:43  Infestor x4  
  97  21:56  Zergling x2  
  97  21:57  Zergling x12  
  102  22:32  Zergling x18, Hatchery  
  110  22:38  Hatchery  
  109  22:51  Hatchery  
  108  23:11  Drone x9  
  117  23:29  Extractor  
  117  23:30  Drone x3  
  119  23:38  Pathogen Glands  
  119  23:41  Burrow  
  119  23:51  Infestor x4  
  119  23:54  Zergling x8  
  131  24:21  Zerg Flyer Weapons Level 3  
  131  24:27  Spore Crawler  
  131  24:29  Drone x11  
  131  24:31  Spore Crawler  
  140  24:33  Extractor  
  140  24:35  Extractor  
  140  24:38  Spore Crawler  
  137  24:44  Spore Crawler  
  136  25:02  Zergling x28  
  136  25:04  Infestor  
  143  25:16  Infestor x16  
  125  25:30  Infestor x8  
  105  26:24  Infestor x2  
  109  26:50  Hatchery  
  108  27:02  Spawning Pool  
Tags
 
Add a new tag
Caveats
  • Supply blocks, unpowered buildings, or Contaminate may cause inaccurate times.
  • Supply counts are checked every 10 seconds.